 Dungeon Crawl Stone Soup version 0.16.1-18-g436b03c (webtiles) character file.

90 Cryogen the Magician (level 4, -3/27 HPs)
             Began as a High Elf Wizard on May 14, 2015.
             Killed by divine providence
             ... invoked by an orc priest
              (13 damage)
             ... on level 3 of the Dungeon.
             The game lasted 00:20:26 (1991 turns).

Cryogen the Magician (High Elf Wizard)              Turns: 1991, Time: 00:20:27

Health: -3/27      AC:  3    Str:  7    XL:     4   Next: 32%
Magic:  9/15       EV: 13    Int: 22    God:
Gold:   197        SH:  0    Dex: 13    Spells: 3 memorised, 6 levels left

rFire  . . .     SeeInvis .     h - -1 dagger (curse)
rCold  . . .     Clarity  .     a - +0 robe
rNeg   . . .     SustAb   .     (no shield)
rPois  .         Gourm    .     o - +0 helmet
rElec  .         Spirit   .     (no cloak)
rCorr  .         Warding  .     (no gloves)
rMut   .         Stasis   .     (no boots)
MR     .....                    (no amulet)
Stlth  ++........               (no ring)
                                (no ring)

@: very slightly contaminated, not resistant to hostile enchantments, unstealthy
A: no striking features
a: no special abilities


You were on level 3 of the Dungeon.
You were not hungry.

You visited 1 branch of the dungeon, and saw 3 of its levels.

You collected 197 gold pieces.

Inventory:

Hand weapons
 h - a cursed -1 dagger (weapon)
 i - a +0 hunting sling (quivered)
 r - a +4 whip
Missiles
 k - 46 stones
Armour
 a - a +0 robe (worn)
 b - a +0 hat
 o - a +0 helmet (worn)
Jewellery
 p - a cursed ring of loudness
 q - an uncursed amulet of resist mutation {unknown}
Scrolls
 f - a scroll of teleportation
 t - a scroll of fear {unknown}
Books
 c - a book of Minor Magic

   Spells                             Type                      Level
   a - Magic Dart                     Conjuration                  1
   b - Blink                          Translocation                2
   c - Call Imp                       Summoning                    2
   d - Repel Missiles                 Charms/Air                   2
   e - Slow                           Hexes                        2
   f - Conjure Flame                  Conjuration/Fire             3
   g - Mephitic Cloud                 Conjuration/Poison/Air       3


   Skills:
 + Level 0.6 Fighting
 + Level 2.9 Dodging
 + Level 2.5 Stealth
 + Level 4.7 Spellcasting
 + Level 1.1 Conjurations
 + Level 2.0 Summonings
   Level 1.1 Translocations


You had 6 spell levels left.
You knew the following spells:

 Your Spells              Type           Power        Failure   Level  Hunger
a - Magic Dart            Conj           ##..         10%         1    None
b - Call Imp              Summ           ##......     10%         2    None
c - Mephitic Cloud        Conj/Pois/Air  #.......     28%         3    ##.....


Dungeon Overview and Level Annotations

Branches:
Dungeon (3/15)

Altars:
Nemelex Xobeh


Message History

The adder poisons you!
There is a lethal amount of poison in your body!
* * * LOW HITPOINT WARNING * * *
You feel sick.
You feel better. The adder bites you but does no damage.
The adder barely misses you.
Casting: Call Imp
Confirm with . or Enter, or press ? or * to list all spells.
A beastly little devil appears in a puff of frigid air.
The adder closely misses you. The gnoll barely misses you.
Your white imp barely misses the gnoll.
Casting: Call Imp
Confirm with . or Enter, or press ? or * to list all spells.
A beastly little devil appears in a puff of flame.
The adder bites your white imp. The gnoll barely misses your white imp.
The adder bites you. The adder misses your white imp.
Your white imp hits the gnoll.
Your white imp freezes the gnoll.
The orc priest invokes the aid of Beogh against you.
Something smites you!
You die...

. ### #.# ####..### #.#
######5....... #.o
####.g.5.........# .o.
##.go.SSgS@.......#
..#####g.#..####........#
..#.og.....## ####..###
....###..### ##
.g.###..## ..###..##
...g..# ..##### ..#


You could see an orc priest, 3 gnolls, 3 adders, a friendly crimson imp and a
friendly white imp.

Vanquished Creatures
  An adder (D:2)
  2 giant cockroaches
  5 goblins
  2 hobgoblins
  2 bats
  2 giant newts
  3 kobolds
  5 rats
22 creatures vanquished.

Vanquished Creatures (collateral kills)
  Robin (D:2)
  An adder (D:2)
  4 gnolls (D:2)
  A giant mite (D:2)
  4 worms (D:2)
  7 goblins (D:2)
  7 hobgoblins (D:2)
  4 jackals (D:1)
  A bat (D:2)
  A rat (D:2)
31 creatures vanquished.

Vanquished Creatures (others)
  A crimson imp (D:2)
  2 shadow imps (D:2)
  A white imp (D:2)
4 creatures vanquished.

Grand Total: 57 creatures vanquished

Notes
Turn   | Place    | Note
--------------------------------------------------------------
     0 | D:1      | Cryogen, the High Elf Wizard, began the quest for the Orb.
     0 | D:1      | Reached XP level 1. HP: 11/11 MP: 5/5
   466 | D:1      | Reached skill level 4 in Spellcasting
   551 | D:1      | Reached XP level 2. HP: 13/17 MP: 6/8
   556 | D:1      | Learned a level 2 spell: Call Imp
   787 | D:2      | Reached skill level 1 in Summonings
  1134 | D:2      | Reached XP level 3. HP: 13/21 MP: 1/11
  1576 | D:2      | Found a sparkling altar of Nemelex Xobeh.
  1627 | D:2      | Reached XP level 4. HP: 27/27 MP: 12/14
  1632 | D:2      | Learned a level 3 spell: Mephitic Cloud
  1674 | D:2      | Noticed Robin
  1683 | D:2      | Killed Robin
  1991 | D:3      | Killed from afar by an orc priest

Action                   |  1- 3 |  4- 6 || total
-------------------------+-------+-------++-------
Melee: Dagger            |    51 |    11 ||    62
Throw: Stone             |     1 |       ||     1
 Cast: Magic Dart        |    35 |     1 ||    36
       Call Imp          |    28 |    15 ||    43
       Mephitic Cloud    |       |     2 ||     2
  Use: Potion            |       |     6 ||     6
       Scroll            |       |     4 ||     4
 Stab: Distracted        |       |     1 ||     1
  Eat: Bread ration      |     1 |       ||     1
